 Dungeon Crawl Stone Soup version 0.22-a0-159-g7ce444f (webtiles) character file.

91 wolfsongas the Chopper (level 4, 0/33 HPs)
             Began as a Demonspawn Gladiator on Feb 9, 2018.
             Slain by mordus's ghost (9 damage)
             ... on level 3 of the Dungeon.
             The game lasted 00:04:52 (2256 turns).

wolfsongas the Chopper (Demonspawn Gladiator)       Turns: 2256, Time: 00:04:52

Health: 0/33       AC:  6    Str: 15    XL:     4   Next: 34%
Magic:  4/4        EV: 11    Int: 15    God:
Gold:   145        SH:  4    Dex: 14    Spells: 3/3 levels left

rFire    . . .     SeeInvis .   i - +0 flail
rCold    . . .     Gourm    .   (no shield)
rNeg     . . .     Faith    .   l - +0 ring mail
rPois    .         Spirit   .   c - +0 helmet
rElec    .         Reflect  .   (no cloak)
rCorr    .         Harm     .   (no gloves)
MR       .....                  (no boots)
Stlth    +.........             (no amulet)
HPRegen  0.11/turn              (no ring)
MPRegen  0.09/turn              (no ring)

@: brilliant, hasted, very quick
A: large bone plates 1, powered by pain 1
a: no special abilities


You were on level 3 of the Dungeon.
You were not hungry.

You visited 1 branch of the dungeon, and saw 3 of its levels.

You collected 145 gold pieces.

Inventory:

Hand Weapons
 i - a +0 flail (weapon)
Missiles
 d - 3 throwing nets (quivered)
Armour
 c - a +0 helmet (worn)
 l - a +0 ring mail (worn)
Jewellery
 j - an uncursed ring of wizardry
 m - an uncursed amulet of magic regeneration {unknown}
Scrolls
 b - a scroll of enchant weapon
Potions
 h - a potion of curing
 k - a potion of flight {unknown}
Comestibles
 a - 13 chunks of flesh
 f - 3 rations


   Skills:
 - Level 2.0 Fighting
   Level 4.4(4.5) Axes
 * Level 1.2(3.1) Maces & Flails
 - Level 1.7 Throwing
 - Level 2.6 Dodging


You had 3 spell levels left.
You didn't know any spells.

Dungeon Overview and Level Annotations

Branches:
Dungeon (3/15)

Altars:
Nemelex Xobeh
Okawaru

Annotations:
D:3 mordus's ghost, amateur MiBe


Innate Abilities, Weirdness & Mutations

You are partially covered in large bone plates. (SH +4)
You sometimes gain a little power by taking damage.


Message History

You are too injured to fight recklessly!
You are too injured to fight recklessly!
You are too injured to fight recklessly!
You are too injured to fight recklessly!
You are too injured to fight recklessly!
You are too injured to fight recklessly!
You are too injured to fight recklessly!
You are too injured to fight recklessly!
You are too injured to fight recklessly!
You are too injured to fight recklessly!
You are too injured to fight recklessly!
You barely miss mordus's ghost.
Mordus's ghost is heavily damaged.
Mordus's ghost closely misses you.
It was a potion of brilliance.
You feel clever all of a sudden. Mordus's ghost hits you.
* * * LOW HITPOINT WARNING * * *
It was a potion of haste.
You feel yourself speed up. Mordus's ghost hits you!
You die...

#W#.#.##.###....###...##..
..#....#.# #.#### #...####
########.###.##########
...................
###########.####..
####'#### #.......#
#.......# #@......#
..'..oW.......#
..######......# #......#
#......# #!.....# #......#
########


You could see mordus's ghost and an orc.

Vanquished Creatures
  2 adders
  A worm (D:2)
  4 dart slugs
  A leopard gecko (D:1)
  5 orcs (D:3)
  7 hobgoblins
  6 jackals
  A kobold (D:2)
  A ball python (D:1)
  8 bats
  7 frilled lizards
  3 goblins
  A quokka skeleton (D:3)
  10 rats
57 creatures vanquished.

Notes
Turn   | Place    | Note
-------+----------+-------------------------------------------
     0 | D:1      | wolfsongas the Demonspawn Gladiator began the quest for the Orb.
     0 | D:1      | Reached XP level 1. HP: 16/16 MP: 1/1
   137 | D:1      | Reached skill level 3 in Axes
   252 | D:1      | Gained mutation: You are partially covered in large bone plates. (SH +4) [demonic ancestry]
   252 | D:1      | Reached XP level 2. HP: 22/22 MP: 2/2
   701 | D:1      | Gained mutation: You sometimes gain a little power by taking damage. [demonic ancestry]
   701 | D:1      | Reached XP level 3. HP: 23/27 MP: 3/3
  1040 | D:2      | Reached skill level 4 in Axes
  1105 | D:2      | Found an iron altar of Okawaru.
  1297 | D:2      | Found a sparkling altar of Nemelex Xobeh.
  2025 | D:3      | Noticed mordus's ghost (amateur MiBe)
  2096 | D:3      | Reached XP level 4. HP: 33/33 MP: 4/4
  2147 | D:3      | Reached skill level 1 in Maces & Flails
  2256 | D:3      | Slain by mordus's ghost

Vault maps used:
D:1:      elethiomel_arrival_maze
D:2:      lemuel_round_altar, nemelex_xobeh_ov_fountains_minmay,
          chequers_big_river
D:3:      first_ration

Skill      XL: |  1  2  3  4 |
---------------+-------------+-----
Axes           | 3 4 |  4.4
Maces & Flails | 1 |  1.2
Fighting       | |  2.0
Throwing       | |  1.7
Dodging        | |  2.6

Action                   |  1- 3 |  4- 6 || total
-------------------------+-------+-------++-------
Melee: War axe           |   142 |    33 ||   175
       Flail             |       |    11 ||    11
  Use: Potion            |     1 |     2 ||     3
       Scroll            |     3 |       ||     3
  Eat: Chunk             |     2 |       ||     2
       Ration            |     1 |       ||     1
Armor: Leather armour    |    47 |       ||    47
       Ring mail         |    26 |    11 ||    37
Dodge: Dodged            |   108 |    24 ||   132
Block: Other             |    32 |     5 ||    37

Table legend:
 A = Spawn XP
 B = Non-spawn XP
 C = Spawn XP percentage of total XP
 D = Spawn monster count
 E = Non-spawn monster count
 F = Spawn count percentage of total count
 G = Total turns spent on level
                    A         B        C        D         E        F      G
               +---------+---------+-------+---------+---------+-------+---------
         Total |       0 |     131 |   0.0 |       0 |      57 |   0.0 |  2256
               +---------+---------+-------+---------+---------+-------+---------
           D:1 |       0 |      42 |   0.0 |       0 |      24 |   0.0 |   924
           D:2 |       0 |      49 |   0.0 |       0 |      19 |   0.0 |  1122
           D:3 |       0 |      40 |   0.0 |       0 |      14 |   0.0 |   210
               +---------+---------+-------+---------+---------+-------+---------
